 Dungeon Crawl Stone Soup version 0.29-a0-557-g43b9904bd1 (webtiles) character file.

Game seed: 17630817314817399534

295410 iguanaiguana the Dancer (level 20, -2/159 HPs)
             Began as a Gnoll Arcane Marksman on June 7, 2022.
             Was a Follower of Uskayaw.
             Killed from afar by a crystal guardian (47 damage)
             ... with a crystal bolt
             ... led by a peacekeeper
             ... on level 3 of the Vaults on June 8, 2022.
             The game lasted 04:22:08 (52376 turns).

iguanaiguana the Dancer (Gnoll Arcane Marksman)    Turns: 52376, Time: 04:22:09

Health: -2/159     AC: 24    Str: 11    XL:     20   Next: 88%
Magic:  21/34      EV: 16    Int: 26    God:    Uskayaw [*.....]
Gold:   161        SH: 15    Dex: 13    Spells: 0/47 levels left

rFire   + . .      SeeInvis .   b - +6 war axe "Neohih" {spect, rElec rF+}
rCold   . . .      Faith    .   O - +2 kite shield {rN+}
rNeg    + . .      Spirit   .   y - +6 acid dragon scales
rPois   .          Reflect  .   (helmet restricted)
rElec   +          Harm     .   z - +2 cloak
rCorr   +          Rampage  .   Z - +2 pair of gloves
Will    ++...                   t - +0 pair of boots
Stlth   +++++.....              q - amulet of magic regeneration
HPRegen 1.16/turn               v - ring of willpower
MPRegen 0.64/turn               A - +6 ring of intelligence

@: forested
A: fangs 1, strong nose, distributed training, horns 1, low MP 1, sense
surroundings 2, regeneration 1
}: 2/15 runes: serpentine, barnacled
a: Renounce Religion, Stomp


You were on level 3 of the Vaults.
You worshipped Uskayaw.
Uskayaw was pleased with you.
You visited 7 branches of the dungeon, and saw 35 of its levels.
You also visited: Gauntlet.

You collected 5020 gold pieces.
You spent 4859 gold pieces at shops.

Inventory:

Hand Weapons
 a - a +8 vorpal rapier
 b - the +6 war axe "Neohih" (weapon) {spect, rElec rF+}
   (You took it off a merfolk on level 4 of the Shoals)

   When its wielder attacks, the weapon's spirit leaps out and strikes again.
   The spirit shares a part of any damage it takes with its wielder.
   rF:        It protects you from fire.
   rElec:     It insulates you from electricity.
Missiles
 x - 6 throwing nets (quivered)
 V - 33 poisoned darts
 W - 4 curare-tipped darts
Armour
 t - a +0 pair of boots (worn)
 y - +6 acid dragon scales (worn)
 z - a +2 cloak (worn)
 O - a +2 kite shield of positive energy (worn)
 Z - a +2 pair of gloves (worn)
Jewellery
 g - a ring of willpower
 j - a ring of flight
 o - a ring of protection from cold
 q - an amulet of magic regeneration (around neck)
 u - a ring of positive energy
 v - a ring of willpower (left hand)
 A - a +6 ring of intelligence (right hand)
 J - a +4 ring of protection
 S - a ring of poison resistance
 T - a ring of protection from fire
Wands
 l - a wand of digging (9) {@v3}
 F - a wand of paralysis (12)
 K - a wand of iceblast (14) {@v2}
 L - a wand of polymorph (6)
 P - a wand of acid (2) {@v1}
 Q - a wand of flame (54)
Scrolls
 c - 5 scrolls of vulnerability
 d - 2 scrolls of poison
 f - 21 scrolls of teleportation {@r3}
 k - 2 scrolls of blinking {@r4}
 n - 6 scrolls of fear
 C - a scroll of summoning
 D - 3 scrolls of silence
 R - 3 scrolls of magic mapping {@r5}
 X - a scroll of fog
Potions
 e - 13 potions of curing {@q1}
 m - 2 potions of invisibility
 p - 6 potions of might {@q3}
 r - a potion of berserk rage
 s - 10 potions of flight
 B - 5 potions of resistance {@q5}
 E - 3 potions of brilliance
 G - a potion of heal wounds {@q2}
 H - 5 potions of cancellation
 I - 5 potions of haste {@q4}
 M - 3 potions of magic
 Y - 7 potions of ambrosia
Miscellaneous
 h - a condenser vane
 i - a phantom mirror (inert)
 w - a lightning rod (4/4)
 N - a phial of floods
 U - a box of beasts


   Skills:
 + Level 14.3 Fighting
 + Level 14.0 Short Blades
 + Level 14.0 Long Blades
 + Level 14.0 Axes
 + Level 14.0 Maces & Flails
 + Level 14.0 Polearms
 + Level 14.0 Staves
 + Level 14.7 Slings
 + Level 14.0 Bows
 + Level 14.0 Crossbows
 + Level 14.0 Throwing
 + Level 14.0 Armour
 + Level 14.7 Dodging
 + Level 14.0 Stealth
 + Level 14.0 Shields
 + Level 14.0 Unarmed Combat
 + Level 14.3 Spellcasting
 + Level 11.9 Conjurations
 + Level 13.0 Hexes
 + Level 11.9 Summonings
 + Level 11.9 Necromancy
 + Level 11.9 Translocations
 + Level 11.9 Transmutations
 + Level 11.9 Fire Magic
 + Level 11.9 Ice Magic
 + Level 11.9 Air Magic
 + Level 11.9 Earth Magic
 + Level 11.9 Poison Magic
 + Level 15.2 Invocations
 + Level 14.0 Evocations


You couldn't memorise any spells.
You knew the following spells:

 Your Spells              Type           Power      Damage    Failure   Level
a - Irradiate             Conj/Tmut      34%        3d24      1%          5
b - Iron Shot             Conj/Erth      34%        9d7       9%          6
c - Summon Forest         Summ/Tloc      34%        N/A       1%          5
d - Summon Mana Viper     Hex/Summ       70%        N/A       1%          5
e - Summon Cactus Giant   Summ           34%        N/A       9%          6
f - Statue Form           Tmut/Erth      46%        N/A       9%          6
g - Freezing Cloud        Conj/Ice/Air   34%        6-21      1%          5
h - Mephitic Cloud        Conj/Pois/Air  69%        N/A       1%          3
i - Blink                 Tloc           100%       N/A       1%          2
j - Swiftness             Air            69%        N/A       1%          3
k - Apportation           Tloc           100%       N/A       1%          1

Your spell library contained the following spells:

 Spells                   Type           Power      Damage    Failure   Level
 Magic Dart               Conj           100%       1d8       1%          1
 Sandblast                Erth           100%       2d20      1%          1
 Shock                    Conj/Air       100%       1d9       1%          1
 Slow                     Hex            100%       N/A       1%          1
 Call Imp                 Summ           69%        N/A       1%          2
 Passwall                 Tmut/Erth      57%        N/A       1%          2
 Scorch                   Fire           100%       2d10      1%          2
 Static Discharge         Conj/Air       69%        N/A       1%          2
 Call Canine Familiar     Summ           69%        N/A       1%          3
 Gell's Gravitas          Tloc           69%        N/A       1%          3
 Ignite Poison            Fire/Tmut/Pois 69%        N/A       1%          3
 Inner Flame              Hex/Fire       70%        N/A       1%          3
 Lesser Beckoning         Tloc           69%        N/A       1%          3
 Portal Projectile        Hex/Tloc       100%       N/A       1%          3
 Stone Arrow              Conj/Erth      100%       3d13      1%          3
 Teleport Other           Tloc           69%        N/A       1%          3
 Tukima's Dance           Hex            72%        N/A       1%          3
 Airstrike                Air            34%        N/A       1%          4
 Cause Fear               Hex            36%        N/A       1%          4
 Flame Wave               Conj/Fire      69%        2d13      1%          4
 Leda's Liquefaction      Hex/Erth       35%        N/A       1%          4
 Passage of Golubria      Tloc           69%        N/A       1%          4
 Summon Ice Beast         Ice/Summ       69%        N/A       1%          4
 Alistair's Intoxication  Tmut/Pois      46%        N/A       1%          5
 Blade Hands              Tmut           34%        N/A       1%          5
 Fireball                 Conj/Fire      34%        3d14      1%          5
 Iskenderun's Battlesphe  Conj           69%        2d12      1%          5
 Lee's Rapid Deconstruct  Erth           34%        3d18*     1%          5
 Lightning Bolt           Conj/Air       34%        1d52      1%          5
 Manifold Assault         Tloc           69%        N/A       1%          5
 Yara's Violent Unravell  Hex/Tmut       35%        3d14      1%          5
 Conjure Ball Lightning   Conj/Air       34%        3x3d11    9%          6
 Dragon Form              Tmut           34%        N/A       43%         7
 Malign Gateway           Summ/Tloc      34%        N/A       43%         7
 Orb of Destruction       Conj           34%        9d10      43%         7
 Lehudib's Crystal Spear  Conj/Erth      34%        10d9      98%         8
 Maxwell's Capacitive Co  Air            34%        ∞         98%         8


Dungeon Overview and Level Annotations

Branches:
Dungeon (15/15)            Temple (1/1) D:5            Lair (6/6) D:10
 Shoals (4/4) Lair:4        Snake (4/4) Lair:2        Slime (0/5) Lair:5
    Orc (2/2) D:11            Elf (0/3) Orc:2        Vaults (3/5) D:13
  Crypt (0/3) Vaults:2     Depths (0/4) D:15        Gauntlet (visited)

Altars:
Ashenzari
Cheibriados
Dithmenos
Elyvilon
Fedhas
Gozag
Hepliaklqana
Kikubaaqudgha
Makhleb
Nemelex Xobeh
Okawaru
Qazlal
Ru
Sif Muna
Trog
Uskayaw
Vehumet
Wu Jian
Xom
Yredelemnul
Zin
The Shining One
Beogh

Shops:
D:14 =   Orc:2 =[:   Snake:1 =::   Snake:2 (

Portals:
Abyss: D:6

Annotations:
Lair:1 3 runed translucent doors, croobank's ghost, novice GnDe
Lair:5 exclusion: 3 oklob plants
Vaults:2 6 runed translucent doors
Vaults:3 Xtahua


Innate Abilities, Weirdness & Mutations

You have very sharp teeth.
Your uncanny sense of smell can sniff out nearby items.
Your experience applies equally to all skills.
You have a pair of small horns on your head.
Your magical capacity is low. (-10% MP)
You passively map the area around you.
Your natural rate of healing is unusually fast.


Message History

The crystal guardian fires a crystalline bolt at you.
The crystal bolt freezes you!!
You can no longer pass through a line of other dancers.
Casting: Summon Mana Viper (mildly dangerous; 1% risk of failure)
Confirm with . or Enter, or press ? or * to list all spells.
A root smacks the ironbound convoker from below!
The peacekeeper bites you.
The crystal guardian fires a crystalline bolt at you.
The crystal bolt freezes you!!!
* * * LOW HITPOINT WARNING * * *
Your dryad hits the peacekeeper.
You feel a bond with the +6 war axe "Neohih" {spect, rElec rF+}.
b - the +6 war axe "Neohih" (weapon)
{spect, rElec rF+} A tree reaches out but misses the ironbound convoker.
The great orb of eyes is recalled.
The crystal guardian fires a crystalline bolt at you.
The crystal bolt freezes you!
* * * LOW HITPOINT WARNING * * *
The ironbound convoker points at the great orb of eyes and mumbles some strange words.
The great orb of eyes seems to grow stronger.
A deep troll comes into view.
A great orb of eyes comes into view.
Your mana viper bites the peacekeeper!!
Trunks creak and shift.
A tree reaches out and hits the great orb of eyes!
A tree reaches out and hits the ironbound convoker!
The deep troll is hit by a branch!
The peacekeeper bites your mana viper!!
Your cactus giant hits the peacekeeper with a +0 giant spiked club!
An ironbound frostheart comes into view.
The peacekeeper bites your mana viper!! Branches wave dangerously above you.
A root smacks the great orb of eyes from below!
A tree reaches out and hits the deep troll!
Your mana viper barely misses the peacekeeper.
The peacekeeper bites your mana viper. The peacekeeper claws your mana viper!
The deep troll is struck by your cactus giant's spines.
The deep troll bites your cactus giant!!
The deep troll claws your cactus giant!
The crystal guardian fires a crystalline bolt at you.
The crystal bolt freezes your dryad!! The crystal bolt freezes you!!!
You die...

....... ##...... .......
#..#... * ....... #.....# ,
..(♣... #.....)
,......9##♣####♣#############
, ,
.........♣....♣...........).
......♣........♣............
,...♣...GS9R.................
,
,......pTC..@................
.....p.♣######♣♣###########+
,....... #. ,....... #. ,
....... ######## #. .......
#......# #.
.......##########......# #.
.......#........#......# #.
,, #......?.)....<.# #.


You could see a great orb of eyes (strong, distracted), a crystal guardian
(strong, ally target), an ironbound frostheart, a deep troll, an ironbound
convoker (catching breath), a peacekeeper (distracted, ally target), a friendly
dryad (summoned), a friendly mana viper (summoned) and a friendly cactus giant
(summoned).

Vanquished Creatures
  The ghost of logorrheac the Warrior, an adept TrFi of Ashenzari (Vaults:2)
  Polyphemus (Shoals:2)
  Frances (Shoals:2)
  4 sphinxes
  3 nagarajas
  Ilsuiw (Shoals:3)
  10 vault wardens
  A frost giant (Vaults:2)
  3 orc warlords
  8 ironbound preservers
  Aizul (Snake:2)
  3 very ugly things
  8 ironbound thunderhulks
  7 dire elephants (Vaults:2)
  2 minotaurs (Shoals:4)
  6 merfolk javelineers
  An ettin (Vaults:2)
  Harold (D:11)
  4 merfolk impalers
  2 great orbs of eyes
  3 yaktaur captains
  5 boulder beetles
  A salamander tyrant (Snake:2)
  Erolcha (Orc:1)
  6 vault guards
  2 hydras
  2 catoblepae
  3 ogre magi
  A merfolk aquamancer (Shoals:4)
  11 anacondas
  13 naga warriors
  4 ironbound frosthearts (Vaults:1)
  A tengu warrior (D:13)
  19 centaur warriors
  6 two-headed ogres
  5 merfolk avatars
  12 satyrs
  5 shock serpents
  7 death yaks
  7 orc high priests
  11 naga sharpshooters
  Nergalle (D:11)
  Sonja (Lair:1)
  A titan skeleton (Vaults:2)
  8 skeletal warriors
  3 glowing orange brains
  9 salamander mystics
  6 sea snakes
  4 wizards
  20 deep trolls
  8 lindwurms
  A lindwurm (shapeshifter) (D:14)
  19 harpies
  8 ironbound convokers
  A necromancer (Vaults:3)
  9 orc knights
  28 ugly things
  2 deep elf zephyrmancers (D:14)
  3 orc sorcerers (Orc:2)
  13 salamanders
  8 mana vipers
  7 deep elf pyromancers
  26 fauns
  6 cyclopes
  20 manticores
  9 elephants
  20 black mambas
  A black mamba (shapeshifter) (D:14)
  8 merfolk sirens
  A frost giant skeleton (Vaults:2)
  6 water nymphs
  8 guardian serpents
  4 torpor snails
  14 naga magi
  11 cane toads
  7 vault sentinels
  2 elf skeletons
  A kobold demonologist (D:13)
  An unseen horror (D:12)
  4 centaur skeletons (D:13)
  2 rime drakes
  2 yaktaur skeletons (Vaults:2)
  A freezing wraith (Vaults:2)
  2 efreet
  7 komodo dragons
  25 yaktaurs
  2 tengu conjurers (D:14)
  A queen bee (Lair:1)
  6 trolls
  5 polar bears
  29 merfolk
  6 wind drakes
  An ettin zombie (Vaults:3)
  3 hornets
  13 snapping turtles
  12 blink frogs
  16 slime creatures
  2 dream sheep (Lair:6)
  Sigmund (D:5)
  A centaur simulacrum (D:13)
  An ettin skeleton (Vaults:2)
  2 shadows
  A spriggan (shapeshifter) (D:14)
  An elf zombie (Vaults:3)
  3 wraiths
  5 wyverns
  A vampire (D:13)
  11 spriggans (Lair:6)
  2 steam dragons
  71 yaks
  2 water elementals
  4 basilisks
  17 vampire mosquitoes
  6 wargs
  39 nagas
  4 acid dragons
  11 water moccasins
  An ogre skeleton (Vaults:2)
  A glowing shapeshifter skeleton (Vaults:2)
  6 black bears
  2 ice beasts
  2 sky beasts (D:7)
  36 orc warriors
  13 ogres
  10 boggarts
  37 wolves
  8 centaurs
  3 human skeletons (Vaults:2)
  A small abomination (D:6)
  3 nameless horrors
  4 kobold brigands
  A gnoll sergeant (D:6)
  15 bullfrogs
  5 scorpions
  12 wights
  32 killer bees
  5 howler monkeys
  2 electric eels (D:10)
  34 orc priests
  A jelly (D:6)
  A gnoll shaman (D:8)
  4 hounds
  29 orc wizards
  2 iguanas (D:5)
  A gnoll (D:1)
  9 adders
  2 white imps
  An ufetubus (D:6)
  A worm (D:2)
  The ghost of DocClef the Covert, a weakling GnDe (D:6)
  75 orcs
  4 bats
  5 endoplasms (D:3)
  5 giant cockroaches
  7 goblins
  6 hobgoblins
  6 jackals
  13 kobolds
  3 quokkas
  7 ball pythons
  2 frilled lizards
  23 rats
  8 snaplasher vines
1269 creatures vanquished.

Vanquished Creatures (collateral kills)
  Nikola (Vaults:2)
  The ghost of croobank the Covert, an adept GnDe of Gozag (Snake:3)
  A fire dragon (D:15)
  A yaktaur captain (Vaults:1)
  An ice dragon (D:15)
  2 anacondas (Snake:4)
  2 salamander mystics
  A sea snake (Shoals:4)
  A lindwurm (Snake:4)
  4 mana vipers (Snake:4)
  2 fauns
  2 deep elf zephyrmancers (D:14)
  3 manticores
  2 merfolk sirens
  4 salamanders
  A guardian serpent (Snake:3)
  Joseph (Lair:1)
  3 naga magi
  2 black mambas
  A yaktaur (Vaults:1)
  A snapping turtle (Shoals:2)
  3 merfolk
  A wind drake (Shoals:2)
  14 nagas
  A killer bee (Lair:1)
  2 orc wizards
  4 orcs (Orc:1)
62 creatures vanquished.

Vanquished Creatures (others)
  A wizard (Vaults:1)
  A centaur simulacrum (D:14)
  A harpy simulacrum (D:14)
  An ogre (Orc:2)
  3 killer bees
  41 fungi
  73 plants
  6 snaplasher vines
127 creatures vanquished.

Grand Total: 1458 creatures vanquished

Notes
Turn   | Place    | Note
-------+----------+-------------------------------------------
     0 | D:1      | iguanaiguana the Gnoll Arcane Marksman began the quest for
                  | the Orb.
     0 | D:1      | Reached XP level 1. HP: 17/17 MP: 4/4
   347 | D:1      | Reached XP level 2. HP: 23/23 MP: 5/5
   665 | D:1      | Reached XP level 3. HP: 28/28 MP: 5/7
   669 | D:1      | Learned a level 3 spell: Inner Flame
  1100 | D:2      | Reached skill level 1 in Invocations
  1140 | D:2      | Identified the +4 whip of the Skies Above {vorpal, rPois
                  | Str+6 Dex+3}
  1278 | D:2      | Reached skill level 1 in Short Blades
  1278 | D:2      | Reached skill level 1 in Long Blades
  1278 | D:2      | Reached skill level 1 in Axes
  1278 | D:2      | Reached skill level 1 in Maces & Flails
  1278 | D:2      | Reached skill level 1 in Polearms
  1278 | D:2      | Reached skill level 1 in Staves
  1278 | D:2      | Reached skill level 1 in Bows
  1278 | D:2      | Reached skill level 1 in Crossbows
  1278 | D:2      | Reached skill level 1 in Throwing
  1278 | D:2      | Reached skill level 1 in Armour
  1278 | D:2      | Reached skill level 1 in Stealth
  1278 | D:2      | Reached skill level 1 in Shields
  1278 | D:2      | Reached skill level 1 in Unarmed Combat
  1278 | D:2      | Reached skill level 1 in Evocations
  1512 | D:2      | Reached XP level 4. HP: 34/34 MP: 8/8
  1950 | D:2      | Found a faded altar of an unknown god.
  2044 | D:3      | Reached skill level 1 in Conjurations
  2044 | D:3      | Reached skill level 1 in Summonings
  2044 | D:3      | Reached skill level 1 in Necromancy
  2044 | D:3      | Reached skill level 1 in Translocations
  2044 | D:3      | Reached skill level 1 in Transmutations
  2044 | D:3      | Reached skill level 1 in Fire Magic
  2044 | D:3      | Reached skill level 1 in Ice Magic
  2044 | D:3      | Reached skill level 1 in Air Magic
  2044 | D:3      | Reached skill level 1 in Earth Magic
  2044 | D:3      | Reached skill level 1 in Poison Magic
  2437 | D:3      | Reached XP level 5. HP: 40/40 MP: 9/9
  3214 | D:5      | Entered Level 5 of the Dungeon
  3244 | D:5      | Reached skill level 2 in Invocations
  3244 | D:5      | Reached XP level 6. HP: 31/47 MP: 8/11
  3477 | D:5      | Reached skill level 5 in Slings
  3477 | D:5      | Reached skill level 5 in Dodging
  3524 | D:5      | Found a staircase to the Ecumenical Temple.
  3682 | D:5      | Noticed Sigmund
  3694 | D:5      | Killed Sigmund
  3695 | D:5      | Reached XP level 7. HP: 47/52 MP: 10/12
  3978 | Temple   | Entered the Ecumenical Temple
  4287 | Temple   | Became a worshipper of Uskayaw the Reveller
  4575 | D:6      | Found a transporter.
  4606 | D:5      | Reached * piety under Uskayaw
  4609 | D:5      | Reached ** piety under Uskayaw
  4612 | D:5      | Reached skill level 3 in Invocations
  4622 | D:5      | Reached *** piety under Uskayaw
  4799 | D:6      | Reached XP level 8. HP: 60/60 MP: 14/14
  4812 | D:6      | Reached **** piety under Uskayaw
  4824 | D:6      | Reached ***** piety under Uskayaw
  5262 | D:6      | Learned a level 3 spell: Mephitic Cloud
  5606 | D:6      | Found a shadowy altar of Dithmenos.
  5710 | D:6      | Found a transporter.
  5747 | D:6      | Noticed DocClef's ghost (weakling GnDe)
  5753 | D:6      | Found a one-way gate to the infinite horrors of the Abyss.
  6161 | D:7      | Reached skill level 4 in Invocations
  6309 | D:7      | Reached XP level 9. HP: 59/66 MP: 12/16
  6568 | D:7      | Noticed a komodo dragon
  6577 | D:7      | Killed a komodo dragon
  6703 | D:7      | Learned a level 2 spell: Scorch
  6929 | D:7      | Reached skill level 5 in Spellcasting
  7299 | D:8      | Reached skill level 5 in Fighting
  7696 | D:8      | HP: 3/67 [wyvern (8)]
  8313 | D:8      | Reached skill level 5 in Invocations
  8832 | D:9      | Noticed a troll
  8846 | D:9      | Killed a troll
  8847 | D:9      | Reached XP level 10. HP: 57/74 MP: 15/18
  9112 | D:9      | Reached skill level 5 in Short Blades
  9112 | D:9      | Reached skill level 5 in Long Blades
  9112 | D:9      | Reached skill level 5 in Axes
  9112 | D:9      | Reached skill level 5 in Maces & Flails
  9112 | D:9      | Reached skill level 5 in Polearms
  9112 | D:9      | Reached skill level 5 in Staves
  9112 | D:9      | Reached skill level 5 in Bows
  9112 | D:9      | Reached skill level 5 in Crossbows
  9112 | D:9      | Reached skill level 5 in Throwing
  9112 | D:9      | Reached skill level 5 in Armour
  9112 | D:9      | Reached skill level 5 in Stealth
  9112 | D:9      | Reached skill level 5 in Shields
  9112 | D:9      | Reached skill level 5 in Unarmed Combat
  9112 | D:9      | Reached skill level 5 in Evocations
  9902 | D:10     | Entered Level 10 of the Dungeon
 10119 | D:10     | Noticed a two-headed ogre
 10128 | D:10     | Killed a two-headed ogre
 10129 | D:10     | Reached skill level 6 in Invocations
 10239 | D:10     | Noticed a boulder beetle
 11743 | D:10     | Found a staircase to the Lair.
 11865 | D:10     | Reached XP level 11. HP: 73/83 MP: 20/20
 11917 | D:10     | Killed a boulder beetle
 12119 | D:10     | Reached skill level 5 in Conjurations
 12119 | D:10     | Reached skill level 5 in Summonings
 12119 | D:10     | Reached skill level 5 in Necromancy
 12119 | D:10     | Reached skill level 5 in Translocations
 12119 | D:10     | Reached skill level 5 in Transmutations
 12119 | D:10     | Reached skill level 5 in Fire Magic
 12119 | D:10     | Reached skill level 5 in Ice Magic
 12119 | D:10     | Reached skill level 5 in Air Magic
 12119 | D:10     | Reached skill level 5 in Earth Magic
 12119 | D:10     | Reached skill level 5 in Poison Magic
 12480 | Lair:1   | Entered Level 1 of the Lair of Beasts
 12495 | Lair:1   | Noticed Joseph
 12508 | Lair:1   | Killed Joseph
 12879 | Lair:1   | Reached skill level 7 in Invocations
 12935 | Lair:1   | Noticed Sonja
 12937 | Lair:1   | Killed Sonja
 12959 | Lair:1   | Found a runed translucent gate.
 12959 | Lair:1   | Found a runed translucent gate.
 12960 | Lair:1   | Found a runed translucent gate.
 13253 | Lair:1   | Noticed croobank's ghost (novice GnDe)
 13558 | Lair:1   | Reached XP level 12. HP: 27/91 MP: 23/23
 13830 | Lair:2   | Found a staircase to the Snake Pit.
 14440 | Lair:2   | Reached skill level 8 in Invocations
 15049 | Lair:2   | Upgraded the game from 0.29-a0-553-g81b289dbe5 to
                  | 0.29-a0-555-g3b24f45cc1
 15489 | Lair:3   | Reached XP level 13. HP: 99/99 MP: 12/25
 15514 | Lair:2   | Learned a level 5 spell: Irradiate
 16630 | Lair:4   | Found a staircase to the Shoals.
 17681 | Lair:5   | Found a staircase to the Slime Pits.
 17826 | Lair:5   | Found a gate leading to a gauntlet.
 17849 | Gauntlet | Entered a Gauntlet
 17849 | Gauntlet | Found a transporter.
 17894 | Gauntlet | Found a large runed translucent door.
 17895 | Gauntlet | Found a large runed translucent door.
 17896 | Gauntlet | Found a large runed translucent door.
 17896 | Gauntlet | Found a large runed translucent door.
 17896 | Gauntlet | Found a runed translucent door.
 17897 | Gauntlet | Found a large runed translucent door.
 17898 | Gauntlet | Found a large runed translucent door.
 17899 | Gauntlet | Found a large runed translucent door.
 17899 | Gauntlet | Found a large runed translucent door.
 17900 | Gauntlet | Found a runed translucent gate.
 17900 | Gauntlet | Found a runed translucent gate.
 17902 | Gauntlet | Found a transporter.
 17910 | Gauntlet | Found a runed translucent gate.
 17910 | Gauntlet | Found a runed translucent door.
 17911 | Gauntlet | Found a large runed translucent door.
 17911 | Gauntlet | Found a large runed translucent door.
 17912 | Gauntlet | Found a large runed translucent door.
 17913 | Gauntlet | Found a large runed translucent door.
 17917 | Gauntlet | Found a transporter.
 17922 | Gauntlet | Found a transporter.
 17925 | Gauntlet | Noticed an entropy weaver
 17937 | Gauntlet | Found a transporter.
 17956 | Gauntlet | Found a transporter.
 17968 | Gauntlet | Found a transporter.
 17980 | Gauntlet | Found a transporter.
 17992 | Gauntlet | Found a transporter.
 18004 | Gauntlet | Found a transporter.
 18021 | Gauntlet | Found a transporter.
 18039 | Gauntlet | Found a transporter.
 18041 | Gauntlet | Found a transporter.
 18068 | Gauntlet | Found a transporter.
 18074 | Gauntlet | Noticed a storm dragon
 18084 | Gauntlet | Found a large runed translucent door.
 18084 | Gauntlet | Found a large runed translucent door.
 18085 | Gauntlet | Found a large runed translucent door.
 18086 | Gauntlet | Found a large runed translucent door.
 18088 | Gauntlet | Found a transporter.
 18166 | Gauntlet | Found a transporter.
 18186 | Gauntlet | Found a transporter.
 18305 | Lair:5   | Reached skill level 9 in Invocations
 19132 | Lair:6   | Entered Level 6 of the Lair of Beasts
 19517 | Lair:6   | Reached skill level 10 in Slings
 19517 | Lair:6   | Reached skill level 10 in Dodging
 19552 | Lair:6   | Reached XP level 14. HP: 97/108 MP: 23/27
 21586 | D:11     | Identified a scroll of acquirement
 21586 | D:11     | Acquired a book of Spatial Translocations
 21593 | D:10     | Learned a level 2 spell: Blink
 21676 | D:11     | Reached skill level 10 in Invocations
 22041 | D:11     | Noticed Nergalle
 22044 | D:11     | Killed Nergalle
 22073 | D:11     | Found a sacrificial altar of Ru.
 22095 | D:11     | Found a staircase to the Orcish Mines.
 22770 | D:11     | Found a shimmering altar of Xom.
 22770 | D:11     | Found a shimmering altar of Xom.
 22772 | D:11     | Found a glowing silver altar of Zin.
 22772 | D:11     | Found a bloodstained altar of Trog.
 22772 | D:11     | Found a burning altar of Makhleb.
 23002 | D:11     | Noticed Harold
 23019 | D:11     | Killed Harold
 25414 | D:13     | Reached skill level 10 in Spellcasting
 25851 | D:13     | Reached skill level 10 in Fighting
 26080 | D:13     | Acquired 891 gold pieces
 26409 | D:13     | Found a gate to the Vaults.
 26771 | D:13     | Reached XP level 15. HP: 107/115 MP: 9/29
 26981 | D:14     | Found a sparkling altar of Nemelex Xobeh.
 27137 | Orc:1    | Entered Level 1 of the Orcish Mines
 27137 | Orc:1    | Noticed Erolcha
 27294 | Orc:1    | Killed Erolcha
 27768 | Orc:1    | Reached skill level 10 in Hexes
 28199 | Orc:1    | Found a shimmering blue altar of Sif Muna.
 28365 | Orc:2    | Entered Level 2 of the Orcish Mines
 28365 | Orc:2    | Found Leni's Jewellery Shop.
 28365 | Orc:2    | Found Byduyvvu's Book Boutique.
 28365 | Orc:2    | Found Vuall's Antique Armour Shop.
 28365 | Orc:2    | Found Teed Lemaxi's Armour Boutique.
 28382 | Orc:2    | Reached skill level 10 in Short Blades
 28382 | Orc:2    | Reached skill level 10 in Long Blades
 28382 | Orc:2    | Reached skill level 10 in Axes
 28382 | Orc:2    | Reached skill level 10 in Maces & Flails
 28382 | Orc:2    | Reached skill level 10 in Polearms
 28382 | Orc:2    | Reached skill level 10 in Staves
 28382 | Orc:2    | Reached skill level 10 in Bows
 28382 | Orc:2    | Reached skill level 10 in Crossbows
 28382 | Orc:2    | Reached skill level 10 in Throwing
 28382 | Orc:2    | Reached skill level 10 in Armour
 28382 | Orc:2    | Reached skill level 10 in Stealth
 28382 | Orc:2    | Reached skill level 10 in Shields
 28382 | Orc:2    | Reached skill level 10 in Unarmed Combat
 28382 | Orc:2    | Reached skill level 10 in Evocations
 28410 | Orc:2    | Found a staircase to the Elven Halls.
 29114 | D:6      | Killed DocClef's ghost
 29462 | Orc:2    | Reached skill level 11 in Invocations
 29632 | Orc:2    | Paralysed by an ogre mage for 4 turns
 30382 | Orc:2    | Bought a book of the Wilderness for 570 gold pieces
 30383 | Orc:2    | Bought an amulet of reflection for 450 gold pieces
 30658 | Orc:2    | Learned a level 5 spell: Summon Forest
 30664 | Orc:2    | Learned a level 5 spell: Summon Mana Viper
 30671 | Orc:2    | Bought the +3 warlock's mirror {reflect} for 640 gold
                  | pieces
 30671 | Orc:2    | Found the +3 warlock's mirror {reflect}
 30684 | Orc:2    | Bought a +6 ring of intelligence for 877 gold pieces
 31562 | D:14     | Gained mutation: You sometimes lose the ability to read
                  | scrolls when taking damage. [mutagenic glow]
 31577 | D:13     | Lost mutation: You sometimes lose the ability to read
                  | scrolls when taking damage. [potion of mutation]
 31577 | D:13     | Gained mutation: You are clumsy. (Dex -2) [potion of
                  | mutation]
 31577 | D:13     | Gained mutation: Potions are less effective at restoring
                  | your health. [potion of mutation]
 31770 | Lair:5   | Lost mutation: You are clumsy. (Dex -2) [potion of
                  | mutation]
 31770 | Lair:5   | Lost mutation: Potions are less effective at restoring your
                  | health. [potion of mutation]
 31770 | Lair:5   | Gained mutation: You passively dampen the noise of your
                  | surroundings. [potion of mutation]
 31770 | Lair:5   | Gained mutation: You have sharp toenails. [potion of
                  | mutation]
 31770 | Lair:5   | Gained mutation: You have hidden genetic defects. [potion
                  | of mutation]
 31770 | Lair:5   | Gained mutation: You have a somewhat thin skeletal
                  | structure. (Dex +2, Stealth+) [potion of mutation]
 32301 | D:14     | Identified the +11 falchion "Grim Tooth" {vorpal, rElec
                  | Str+3 Dex+2}
 32381 | D:14     | Reached XP level 16. HP: 88/124 MP: 2/30
 32675 | D:14     | Found Vopt's Jewellery Shoppe.
 33108 | D:14     | Bought an amulet of magic regeneration for 540 gold pieces
 33181 | D:14     | Gained mutation: Your magical capacity is low. (-10% MP)
                  | [hidden defects]
 33363 | D:15     | Entered Level 15 of the Dungeon
 34271 | D:15     | Found a staircase to the Depths.
 34557 | Snake:1  | Entered Level 1 of the Snake Pit
 34823 | Snake:1  | Learned a level 5 spell: Lightning Bolt
 34842 | Snake:1  | Gained mutation: Your magical capacity is very low. (-20%
                  | MP) [hidden defects]
 34842 | Snake:1  | Lost mutation: You have hidden genetic defects. [hidden
                  | defects expressed]
 34843 | Snake:1  | Lost mutation: You have sharp toenails. [potion of
                  | mutation]
 34843 | Snake:1  | Lost mutation: You have a somewhat thin skeletal structure.
                  | (Dex +2, Stealth+) [potion of mutation]
 34843 | Snake:1  | Gained mutation: You do not regenerate when monsters are
                  | visible. [potion of mutation]
 34843 | Snake:1  | Gained mutation: You have large cloven feet. [potion of
                  | mutation]
 34843 | Snake:1  | Gained mutation: You sometimes lose the ability to read
                  | scrolls when taking damage. [potion of mutation]
 34843 | Snake:1  | Gained mutation: You expend magic power (3 MP) to
                  | strengthen your wands. [potion of mutation]
 34844 | Snake:1  | Lost mutation: You expend magic power (3 MP) to strengthen
                  | your wands. [potion of mutation]
 34844 | Snake:1  | Lost mutation: Your magical capacity is very low. (-20% MP)
                  | [potion of mutation]
 34844 | Snake:1  | Gained mutation: You are agile. (Dex +2) [potion of
                  | mutation]
 34845 | Snake:1  | Lost mutation: You are agile. (Dex +2) [potion of mutation]
 34845 | Snake:1  | Lost mutation: You do not regenerate when monsters are
                  | visible. [potion of mutation]
 34845 | Snake:1  | Lost mutation: You have large cloven feet. [potion of
                  | mutation]
 34845 | Snake:1  | Gained mutation: You passively map a small area around you.
                  | [potion of mutation]
 34845 | Snake:1  | Gained mutation: You tend to lose your temper in combat.
                  | [potion of mutation]
 34845 | Snake:1  | Gained mutation: You have large cloven feet. [potion of
                  | mutation]
 34846 | Snake:1  | Lost mutation: You tend to lose your temper in combat.
                  | [potion of mutation]
 34846 | Snake:1  | Lost mutation: You passively dampen the noise of your
                  | surroundings. [potion of mutation]
 34846 | Snake:1  | Gained mutation: You tend to lose your temper in combat.
                  | [potion of mutation]
 35228 | Snake:1  | Found Giwo's Jewellery Shoppe.
 35228 | Snake:1  | Found Xopp's Book Shop.
 35229 | Snake:1  | Found Vuifoig's Book Shop.
 35240 | Snake:1  | Bought a Trismegistus Codex for 476 gold pieces
 35246 | Snake:1  | Learned a level 5 spell: Freezing Cloud
 35414 | Snake:1  | Identified the +0 war axe "Ryirih" {pain, rPois rF+ Stlth-}
 35774 | Snake:2  | Noticed a nagaraja
 35777 | Snake:2  | Killed a nagaraja
 35867 | Snake:2  | Noticed a nagaraja
 35897 | Snake:2  | Killed a nagaraja
 35901 | Snake:2  | Reached skill level 12 in Invocations
 35971 | Snake:2  | Noticed Aizul
 35975 | Snake:2  | Killed Aizul
 37011 | Snake:2  | Found Ryjirr's Weapon Shoppe.
 37410 | Snake:3  | Noticed croobank's ghost (adept GnDe)
 37410 | Snake:3  | Found a runed translucent door.
 37695 | Snake:3  | Reached XP level 17. HP: 132/132 MP: 14/29
 38842 | Snake:3  | Killed croobank's ghost
 39001 | Snake:4  | Entered Level 4 of the Snake Pit
 40169 | Snake:4  | Found a shimmering blue altar of Sif Muna.
 40790 | Snake:4  | Reached skill level 10 in Conjurations
 40790 | Snake:4  | Reached skill level 10 in Summonings
 40790 | Snake:4  | Reached skill level 10 in Necromancy
 40790 | Snake:4  | Reached skill level 10 in Translocations
 40790 | Snake:4  | Reached skill level 10 in Transmutations
 40790 | Snake:4  | Reached skill level 10 in Fire Magic
 40790 | Snake:4  | Reached skill level 10 in Ice Magic
 40790 | Snake:4  | Reached skill level 10 in Air Magic
 40790 | Snake:4  | Reached skill level 10 in Earth Magic
 40790 | Snake:4  | Reached skill level 10 in Poison Magic
 41045 | Snake:4  | Reached skill level 13 in Invocations
 41370 | Snake:4  | Got a serpentine rune of Zot
 41569 | Shoals:1 | Entered Level 1 of the Shoals
 41583 | Shoals:1 | Identified the +9 plate armour "Onkontao" {Dex+6}
 42162 | Shoals:1 | Reached XP level 18. HP: 141/141 MP: 26/30
 42380 | Shoals:1 | Found a radiant altar of Vehumet.
 42536 | Shoals:2 | Noticed Polyphemus
 42552 | Shoals:2 | Killed Polyphemus
 42788 | Shoals:2 | Noticed Frances
 42803 | Shoals:2 | Killed Frances
 44173 | Shoals:3 | Noticed Ilsuiw
 44189 | Shoals:3 | Killed Ilsuiw
 45175 | Shoals:3 | Lost mutation: You have large cloven feet. [potion of
                  | mutation]
 45175 | Shoals:3 | Lost mutation: You tend to lose your temper in combat.
                  | [potion of mutation]
 45175 | Shoals:3 | Lost mutation: You sometimes lose the ability to read
                  | scrolls when taking damage. [potion of mutation]
 45175 | Shoals:3 | Gained mutation: You passively map the area around you.
                  | [potion of mutation]
 45175 | Shoals:3 | Gained mutation: You have a pair of small horns on your
                  | head. [potion of mutation]
 45175 | Shoals:3 | Gained mutation: Your natural rate of healing is unusually
                  | fast. [potion of mutation]
 45419 | Shoals:4 | Entered Level 4 of the Shoals
 46149 | Shoals:4 | Reached XP level 19. HP: 149/149 MP: 25/32
 46498 | Shoals:4 | Got a barnacled rune of Zot
 46530 | Shoals:4 | Reached skill level 14 in Invocations
 46824 | Shoals:4 | Identified the +6 war axe "Neohih" {spect, rElec rF+}
 46879 | Shoals:4 | Got Leniuwo's Grimoire of Creation
 47349 | Vaults:1 | Entered Level 1 of the Vaults
 49047 | Vaults:2 | Reached XP level 20. HP: 118/158 MP: 18/33
 49574 | Vaults:2 | Noticed Nikola
 49581 | Vaults:2 | Killed Nikola
 49777 | Vaults:2 | Found a large runed translucent door.
 49778 | Vaults:2 | Found a large runed translucent door.
 49778 | Vaults:2 | Noticed logorrheac's ghost (adept TrFi)
 49779 | Vaults:2 | Found a large runed translucent door.
 49779 | Vaults:2 | Found a large runed translucent door.
 49780 | Vaults:2 | Found a large runed translucent door.
 49780 | Vaults:2 | Found a large runed translucent door.
 49781 | Vaults:2 | Found a large runed translucent door.
 49781 | Vaults:2 | Found a large runed translucent door.
 50397 | Vaults:2 | Upgraded the game from 0.29-a0-555-g3b24f45cc1 to
                  | 0.29-a0-557-g43b9904bd1
 50414 | Vaults:2 | Reached skill level 15 in Invocations
 50780 | Vaults:2 | Found a staircase to the Crypt.
 50931 | Vaults:2 | Killed logorrheac's ghost
 51065 | Vaults:3 | Noticed Xtahua
 51165 | Vaults:3 | Learned a level 6 spell: Summon Cactus Giant
 51420 | Snake:1  | Bought a book of Air for 286 gold pieces
 51424 | Snake:1  | Learned a level 3 spell: Swiftness
 51426 | Snake:1  | Learned a level 1 spell: Apportation
 51789 | Orc:2    | Bought a book of the Earth for 540 gold pieces
 51796 | Orc:2    | Learned a level 6 spell: Statue Form
 51796 | Orc:2    | Bought Voumn's Grimoire of the Rocks for 480 gold pieces
 51803 | Orc:2    | Learned a level 6 spell: Iron Shot
 52376 | Vaults:3 | Killed from afar by a crystal guardian

Illustrated notes

Levels and vault maps discovered:
D:1:      lemuel_arrival_rhombus, layout_loops_ring
D:2:      layout_loops_ring, hellmonk_ecumenical_altar_leap_of_faith,
          minmay_cut_off
D:3:      layout_loops_ring, roderic_roman_lattice, minmay_rat_hole
D:4:      layout_basic
D:5:      layout_basic, minmay_temple_entry_glass, minmay_splitting_lines,
          uniq_sigmund
D:6:      layout_loops_ring, grunt_dithmenos_smoke,
          gammafunk_ghost_abyssal_escape, minmay_misc_feat_secret_circle,
          chequers_serial_rivers_large_a, minivault_5, st_stairs_1
D:7:      layout_loops_corners, serial_glass, glass_columns_b, glass_columns_c,
          eino_tiny_chamber
D:8:      layout_loops_ring, kennysheep_dice
D:9:      layout_stronghold
D:10:     layout_basic, erik_lair_island, chequers_serial_rivers_small_b
D:11:     layout_loops_cross, minmay_orc_entry_guard_dogs, doesnt_xom_only_xom,
          uniq_nergalle, uniq_harold
D:12:     layout_roguey
D:13:     layout_layer_cave, hangedman_vaults_entry_quadrant_bands,
          st_stairs_13, minmay_fractal_squares_gapless_7
D:14:     minmay_blocking_statues, layout_loops_ring, serial_shops, shop,
          nemelex_xobeh_ov_fountains_minmay, kennysheep_crisscross,
          elves_outpost_lemuel
D:15:     grunt_enter_depths_hoard, layout_rooms, minmay_misc_feat_ornament,
          chequers_serial_rivers_micro_b
Temple:   nicolae_temple_the_god_donut
Lair:1:   layout_hall_layers, gammafunk_ghost_necromancy, special_room
          [special_room_bee], uniq_joseph, uniq_sonja
Lair:2:   layout_chaotic_city, guppyfry_snake_entry_island, grunt_megastairs_3
Lair:3:   layout_layer_cave, grunt_forest_small_clearings, grunt_megastairs_2
Lair:4:   layout_hall_layers, elwin_shoals_entry_rocks,
          infiniplex_staircase_pool
Lair:5:   layout_gridlike, minmay_slime_entry_oklob_enclosed,
          gauntlet_entry_generic, serial_bayou_shore_b
Lair:6:   minmay_lair_end_enchanted_forest, layout_long_grid, minivault_23
Shoals:1: layout_shoals, lemuel_altar_in_water
Shoals:2: layout_shoals, uniq_polyphemus, uniq_frances
Shoals:3: layout_shoals, uniq_ilsuiw
Shoals:4: shoals_end_hellmonk_lost_city
Snake:1:  layout_basic, minmay_shop_grove
Snake:2:  layout_rooms, serial_shops, nicolae_shop_bloodbath_and_beyond,
          grunt_megastairs_1, uniq_aizul
Snake:3:  layout_basic, hellmonk_ghost_happy_afterlife
Snake:4:  snake_pit_salamanders_mu, layout_misc_corridors, basic_altar,
          nicolae_snake_shapes
Orc:1:    layout_diamond_mine, led_sif_book, uniq_erolcha
Orc:2:    st_orc_mages, layout_caves, bh_open_orc_temple
Vaults:1: grunt_vaults_bifocal, ontoclasm_vaults_ring_large, vaults_room_fours,
          grunt_vaults_twisty, hangedman_vaults_cutoff,
          nicolae_vaults_border_crossing, hangedman_vaults_restitches,
          vaults_room_stairs_pillars, layout_vaults_omnigrid
Vaults:2: advil_vaults_ghost_lines, v_alt_pattern_2,
          minmay_crypt_entry_skeletal_spiral, v_misc_12, v_alt_pattern_1,
          v_misc_13, v_alt_pattern_5, vaults_room_corners,
          nicolae_vaults_c_with_doors, nicolae_vaults_diagonal_hallway_6,
          v_alt_pattern_3, nicolae_vaults_little_squares_3,
          nicolae_vaults_what_the_h, nicolae_vaults_specimen_jars,
          vaults_room_pool, layout_vaults_omnibox, uniq_nikola
Vaults:3: st_greater_box_4, nicolae_vaults_arrows, v_rooms_4, v_misc_27,
          hangedman_vaults_river_flow, v_pattern_1,
          nicolae_vaults_hallways_thing, layout_vaults_omnicross,
          uniq_bai_suzhen, uniq_sojobo, uniq_xtahua

Skill      XL: |  1  2  3  4  5  6  7  8  9 10 11 12 13 14 15 16 17 18 19 20 |
---------------+-------------------------------------------------------------+-----
Invocations    | 1 2 3 4 5 6 7 8 9 10 11 12 13 14 15 | 15.2
Short Blades   | 1 2 3 4 5 6 7 8 9 10 11 12 13 14 | 14.0
Long Blades    | 1 2 3 4 5 6 7 8 9 10 11 12 13 14 | 14.0
Axes           | 1 2 3 4 5 6 7 8 9 10 11 12 13 14 | 14.0
Maces & Flails | 1 2 3 4 5 6 7 8 9 10 11 12 13 14 | 14.0
Polearms       | 1 2 3 4 5 6 7 8 9 10 11 12 13 14 | 14.0
Staves         | 1 2 3 4 5 6 7 8 9 10 11 12 13 14 | 14.0
Bows           | 1 2 3 4 5 6 7 8 9 10 11 12 13 14 | 14.0
Crossbows      | 1 2 3 4 5 6 7 8 9 10 11 12 13 14 | 14.0
Throwing       | 1 2 3 4 5 6 7 8 9 10 11 12 13 14 | 14.0
Armour         | 1 2 3 4 5 6 7 8 9 10 11 12 13 14 | 14.0
Stealth        | 1 2 3 4 5 6 7 8 9 10 11 12 13 14 | 14.0
Shields        | 1 2 3 4 5 6 7 8 9 10 11 12 13 14 | 14.0
Unarmed Combat | 1 2 3 4 5 6 7 8 9 10 11 12 13 14 | 14.0
Evocations     | 1 2 3 4 5 6 7 8 9 10 11 12 13 14 | 14.0
Spellcasting   | 3 4 5 6 7 8 9 10 11 12 13 14 | 14.3
Conjurations   | 1 2 3 4 5 6 7 8 9 10 11 | 11.9
Summonings     | 1 2 3 4 5 6 7 8 9 10 11 | 11.9
Necromancy     | 1 2 3 4 5 6 7 8 9 10 11 | 11.9
Translocations | 1 2 3 4 5 6 7 8 9 10 11 | 11.9
Transmutations | 1 2 3 4 5 6 7 8 9 10 11 | 11.9
Fire Magic     | 1 2 3 4 5 6 7 8 9 10 11 | 11.9
Ice Magic      | 1 2 3 4 5 6 7 8 9 10 11 | 11.9
Air Magic      | 1 2 3 4 5 6 7 8 9 10 11 | 11.9
Earth Magic    | 1 2 3 4 5 6 7 8 9 10 11 | 11.9
Poison Magic   | 1 2 3 4 5 6 7 8 9 10 11 | 11.9
Fighting       | 3 4 5 6 7 8 9 10 11 12 13 14 | 14.3
Slings         | 5 6 7 8 9 10 11 12 13 14 | 14.7
Dodging        | 5 6 7 8 9 10 11 12 13 14 | 14.7
Hexes          | 6 7 8 9 10 11 12 13 | 13.0

Action                   |  1- 3 |  4- 6 |  7- 9 | 10-12 | 13-15 | 16-18 | 19-21 || total
-------------------------+-------+-------+-------+-------+-------+-------+-------++-------
Melee: Whip              |    11 |    90 |   176 |    75 |     8 |       |       ||   360
       Bite              |     1 |    10 |    28 |    92 |    91 |    43 |    54 ||   319
       Punch             |       |     3 |    10 |    19 |     1 |       |       ||    33
       Dagger            |       |       |    63 |   316 |   286 |       |       ||   665
       Short sword       |       |       |       |   138 |       |       |       ||   138
       Rapier            |       |       |       |       |   308 |   180 |   139 ||   627
       Falchion          |       |       |       |       |     8 |   130 |     2 ||   140
       Headbutt          |       |       |       |       |       |     8 |    78 ||    86
       War axe           |       |       |       |       |       |       |   150 ||   150
       Unarmed           |       |       |       |       |       |       |    11 ||    11
 Fire: Hunting sling     |    83 |    97 |    21 |       |       |       |       ||   201
Throw: Dart              |       |       |       |     5 |    44 |    11 |    12 ||    72
       Boomerang         |       |       |       |       |    29 |     1 |       ||    30
       Throwing net      |       |       |       |       |     1 |       |     2 ||     3
 Cast: Slow              |    16 |    11 |    17 |       |       |       |       ||    44
       Mephitic Cloud    |       |       |    18 |    89 |   104 |     4 |     4 ||   219
       Scorch            |       |       |    22 |    31 |    62 |       |       ||   115
       Inner Flame       |       |       |       |       |    20 |    26 |    28 ||    74
       Irradiate         |       |       |       |       |   129 |    94 |    92 ||   315
       Summon Mana Viper |       |       |       |       |     1 |    48 |    12 ||    61
       Summon Forest     |       |       |       |       |     1 |    43 |     9 ||    53
       Blink             |       |       |       |       |     1 |       |     1 ||     2
       Freezing Cloud    |       |       |       |       |       |   179 |    66 ||   245
       Lightning Bolt    |       |       |       |       |       |    11 |    15 ||    26
       Statue Form       |       |       |       |       |       |       |     6 ||     6
       Summon Cactus Gia |       |       |       |       |       |       |     1 ||     1
Invok: Stomp             |       |       |     1 |       |     2 |       |       ||     3
       Line Pass         |       |       |       |     5 |       |       |     1 ||     6
       Grand Finale      |       |       |       |       |     1 |       |     1 ||     2
 Abil: End Transformatio |       |       |       |       |       |       |     3 ||     3
Evoke: Wand              |       |     1 |     3 |    12 |    21 |    18 |     3 ||    58
       Box of beasts     |       |       |       |     1 |     1 |     3 |       ||     5
       Lightning rod     |       |       |       |       |     4 |       |       ||     4
       Phantom mirror    |       |       |       |       |       |     2 |     2 ||     4
       Condenser vane    |       |       |       |       |       |       |     1 ||     1
  Use: Scroll            |       |     7 |       |     8 |    27 |    10 |     7 ||    59
       Potion            |       |     1 |     2 |     2 |     5 |     5 |     3 ||    18
 Stab: Sleeping          |       |     3 |       |     6 |     8 |    19 |    18 ||    54
       Paralysed         |       |       |    11 |    27 |    42 |     9 |    35 ||   124
       Confused          |       |       |    12 |    64 |    68 |       |     1 ||   145
       Distracted        |       |       |       |       |     1 |     4 |     9 ||    14
       Petrified         |       |       |       |       |     1 |       |       ||     1
Armor: Robe              |     6 |     2 |       |       |       |       |       ||     8
       Leather armour    |       |    26 |    74 |       |     3 |       |       ||   103
       Troll leather arm |       |       |       |   145 |    35 |       |       ||   180
       Acid dragon scale |       |       |       |       |   137 |   161 |    94 ||   392
       Skin              |       |       |       |       |       |       |    17 ||    17
Dodge: Dodged            |    29 |    65 |   141 |   392 |   279 |   279 |   162 ||  1347
Block: Kite shield       |       |       |       |       |    96 |   133 |   217 ||   446
       Buckler           |       |       |       |       |   154 |   137 |       ||   291
       Reflection        |       |       |       |       |    15 |    41 |       ||    56

Table legend: (Time is in decaauts)
 A = Elapsed time spent in this place.
 B = Non-inter-level travel time spent in this place.
 C = Inter-level travel time spent in this place.
 D = Time resting spent in this place.
 E = Time spent auto-exploring this place.
 F = Levels seen in this place.
 G = Mean time per level.
                   A        B        C        D        E       F      G
               +--------+--------+--------+--------+--------+-----+--------+
         Total |  52394 |  46513 |   5881 |   6097 |  31414 |  36 | 1455.4 |
       Dungeon |  23004 |  20197 |   2807 |   2885 |  14306 |  15 | 1533.6 |
        Temple |    317 |    240 |     77 |      0 |    223 |   1 |  317.0 |
          Lair |   9004 |   7334 |   1670 |    403 |   5313 |   6 | 1500.7 |
        Shoals |   5633 |   5323 |    310 |    919 |   3073 |   4 | 1408.2 |
     Snake Pit |   7149 |   6653 |    496 |   1133 |   4210 |   4 | 1787.2 |
  Orcish Mines |   2600 |   2341 |    259 |    540 |   1079 |   2 | 1300.0 |
        Vaults |   4303 |   4044 |    259 |    216 |   2879 |   3 | 1434.3 |
      Gauntlet |    380 |    380 |      0 |      0 |    329 |   1 |  380.0 |
               +--------+--------+--------+--------+--------+-----+--------+

Top non-repeatable levels by time:
    D:13: 3061 daAuts
 Snake:4: 2431 daAuts
    D:14: 2117 daAuts
Vaults:2: 2090 daAuts
 Snake:1: 2065 daAuts
Shoals:3: 2019 daAuts
    D:11: 2017 daAuts
    D:10: 1934 daAuts
  Lair:2: 1804 daAuts
Vaults:1: 1699 daAuts
     D:6: 1666 daAuts
 Snake:3: 1656 daAuts
  Lair:6: 1650 daAuts
  Lair:3: 1573 daAuts
     D:8: 1459 daAuts
